 Dungeon Crawl Stone Soup version 0.24.0-123-gd5b16e6ec5 (webtiles) character file.

Game seed: 9741980612290868740, levelgen mode: deterministic

65 AuftragZ the Conjurer (level 3, -3/19 HPs)
             Began as a Deep Elf Conjurer on Jan 21, 2020.
             Was an Initiate of Sif Muna.
             Killed from afar by an orc wizard (9 damage)
             ... with a magic dart
             ... on level 4 of the Dungeon.
             The game lasted 00:09:13 (1692 turns).

AuftragZ the Conjurer (Deep Elf Conjurer)           Turns: 1692, Time: 00:09:13

Health: -3/19      AC:  2    Str:  5    XL:     3   Next: 92%
Magic:  4/9        EV: 14    Int: 20    God:    Sif Muna [......]
Gold:   82         SH:  0    Dex: 15    Spells: 5/8 levels left

rFire    . . .     SeeInvis .   d - +0 dagger
rCold    . . .     Gourm    .   (no shield)
rNeg     . . .     Faith    .   a - +0 robe
rPois    .         Spirit   .   (no helmet)
rElec    .         Reflect  .   (no cloak)
rCorr    .         Harm     .   (no gloves)
MR       .....                  (no boots)
Stlth    ++........             (no amulet)
HPRegen  0.06/turn              j - +1 ring of evasion
MPRegen  0.11/turn              (no ring)

@: no status effects
A: no striking features
a: Renounce Religion


You were on level 4 of the Dungeon.
You worshipped Sif Muna.
Sif Muna was noncommittal.
You were not hungry.

You visited 1 branch of the dungeon, and saw 3 of its levels.

You collected 82 gold pieces.

Inventory:

Hand Weapons
 d - a +0 dagger (weapon)
Missiles
 l - 14 poisoned darts (quivered)
Armour
 a - a +0 robe (worn)
Jewellery
 j - a +1 ring of evasion (left hand)
Scrolls
 e - 3 scrolls of identify
 f - a scroll of fear {unknown}
 g - a scroll of teleportation {unknown}
 h - a scroll of amnesia
Potions
 b - a potion of ambrosia
Comestibles
 c - a ration
 i - a chunk of flesh


   Skills:
 + Level 2.5 Dodging
 + Level 3.2 Stealth
 + Level 3.4 Spellcasting
 + Level 5.6 Conjurations


You had 5 spell levels left.
You knew the following spells:

 Your Spells              Type           Power        Failure   Level  Hunger
a - Magic Dart            Conj           ####         1%          1    None
b - Searing Ray           Conj           ####..       1%          2    ##.....

Your spell library contained the following spells:

 Spells                   Type           Power        Failure   Level  Hunger
 Dazzling Spray           Conj/Hex       ##....       13%         3    ###....
 Iskenderun's Mystic Bla  Conj           ####....     14%         4    ####...
 Force Lance              Conj/Tloc      ##......     38%         4    ####...
 Fulminant Prism          Conj/Hex       ##........   38%         4    ####...


Dungeon Overview and Level Annotations

Branches:
Dungeon (2/15)

Altars:
Gozag
Sif Muna


Message History

Press: ? - help, Shift-Dir - straight line, f - orc wizard
Aim: an orc wizard, wielding a +0 dagger and wearing a +0 robe The searing ray hits the orc wizard.
The orc wizard is lightly wounded. (Press . to maintain the ray.)
The worm barely misses you.
The orc wizard casts a cantrip, but nothing happens.
The searing ray hits the orc wizard!
The orc wizard is heavily wounded.
The orc wizard casts a spell at you. The magic dart hits you.
The searing ray hits the orc wizard.
The orc wizard is almost dead.
The worm bites you.
* * * LOW HITPOINT WARNING * * *
The orc wizard barely misses you.
The searing ray misses the orc wizard.
You finish channeling your searing ray.
The orc wizard gestures at you while chanting.
The magic dart hits you!
You die...

#...... #..... .
###.#.. .. #...#.#
.#. #.#... ....
.#.##.#..####...#.
.....<.............
....###..$o..#...#
......<.?[@.$...)..
....#.#..w###..###.
.# #.......>.##
###..)....#
#........#
..........
.###....... .#
.$...... ......


You could see a worm and an orc wizard.

Vanquished Creatures
  2 adders
  An ooze (D:2)
  3 dart slugs
  2 orcs (D:4)
  5 bats (D:1)
  A giant cockroach (D:1)
  4 goblins
  5 hobgoblins
  A ball python (D:1)
  7 kobolds
  3 rats
34 creatures vanquished.

Notes
Turn   | Place    | Note
-------+----------+-------------------------------------------
     0 | D:1      | AuftragZ the Deep Elf Conjurer began the quest for the Orb.
     0 | D:1      | Reached XP level 1. HP: 10/10 MP: 6/6
   226 | D:1      | Reached XP level 2. HP: 15/15 MP: 0/8
   425 | D:1      | Reached skill level 5 in Conjurations
  1145 | D:2      | Found a shimmering blue altar of Sif Muna.
  1147 | D:2      | Found an opulent altar of Gozag.
  1152 | D:2      | Reached XP level 3. HP: 19/19 MP: 5/9
  1324 | D:2      | Became a worshipper of Sif Muna the Loreminder
  1328 | D:2      | Learned a level 2 spell: Searing Ray
  1665 | D:2      | You fall into a shaft and drop 2 floors!
  1692 | D:4      | Killed from afar by an orc wizard

Levels and vault maps discovered:
D:1:      dpeg_arrival_short_road, layout_loops_ring, chequers_arboretum,
          minmay_pentomino_s4
D:2:      layout_basic, grunt_temple_overflow_open
D:4:      layout_rooms, regret_index_temple_of_mockery, serial_shops,
          nicolae_shop_crystal, uniq_duvessa

Skill      XL: |  1  2 |
---------------+-------+-----
Conjurations   | 5 |  5.6
Stealth        | 3 |  3.2
Dodging        | |  2.5
Spellcasting   | |  3.4

Action                   || total
-------------------------++-------
Melee: Dagger            ||    10
 Cast: Magic Dart        ||    59
       Searing Ray       ||     5
  Use: Scroll            ||     5
       Potion            ||     4
  Eat: Chunk             ||     2
Armor: Robe              ||     6
Dodge: Dodged            ||    35
